 Dungeon Crawl Stone Soup version 0.31-a0-803-g95b03c3367 (webtiles) character file.

Game seed: 12684109734794113282

37 pokeman the Magician (level 3, -3/20 HPs)
             Began as a Deep Elf Hedge Wizard on Sept 20, 2023.
             Killed by nerve-wracking pain
             ... invoked by Jessica
              (12 damage)
             ... on level 2 of the Dungeon.
             The game lasted 00:02:07 (1675 turns).

pokeman the Magician (Deep Elf Hedge Wizard)        Turns: 1675, Time: 00:02:08

Health: -3/20      AC:  2    Str:  7    XL:     3   Next: 23%
Magic:  2/11       EV: 12    Int: 20    God:
Gold:   85         SH:  0    Dex: 14    Spells: 4/12 levels left

rFire   . . .        a - +0 dagger
rCold   . . .        (no shield)
rNeg    . . .        b - +0 robe
rPois   .            c - +0 hat
rElec   .            (no cloak)
rCorr   +            (no gloves)
SInv    .            (no boots)
Will    .....        (no amulet)
Stlth   ++           m - ring of resist corrosion
HPRegen 0.23/turn    (no ring)
MPRegen 0.12/turn

%: no passive effects
@: no status effects
A: no striking features
a: no special abilities


You were on level 2 of the Dungeon.
You visited 1 branch of the dungeon, and saw 2 of its levels.

You collected 85 gold pieces.

Inventory:

Hand Weapons
 a - a +0 dagger (weapon)
Armour
 b - a +0 robe (worn)
 c - a +0 hat (worn)
Jewellery
 m - a ring of resist corrosion (left hand)
Scrolls
 e - 2 scrolls of teleportation {unknown}
 g - a scroll of fear {unknown}
 h - a scroll of summoning {unknown}
 i - a scroll of identify {unknown}
 j - a scroll of vulnerability {unknown}
 l - a scroll of revelation {unknown}
Potions
 d - a potion of magic
 f - a potion of heal wounds {unknown}
 k - a potion of brilliance {unknown}


   Skills:
 + Level 0.9 Fighting
 + Level 0.8 Armour
 - Level 2.4 Dodging
 - Level 2.4 Stealth
 * Level 5.1 Spellcasting
 + Level 1.7 Conjurations
 - Level 1.1 Summonings
 - Level 1.1 Translocations


You had 4 spell levels left.
You knew the following spells:

 Your Spells              Type           Power      Damage    Failure   Level
a - Magic Dart            Conj           48%        1d5       5%          1
b - Mephitic Cloud        Conj/Pois/Air  7%         N/A       26%         3
c - Call Imp              Summ           18%        N/A       11%         2
d - Blink                 Tloc           18%        N/A       11%         2

Your spell library contained the following spells:

 Spells                   Type           Power      Damage    Failure   Level
 Summon Small Mammal      Summ           36%        N/A       8%          1
 Slow                     Hex            20%        N/A       12%         1
 Cigotuvi's Dreadful Rot  Necr/Pois/Air  10%        N/A       17%         2
 Call Canine Familiar     Summ           9%         N/A       22%         3
 Summon Guardian Golem    Hex/Summ       7%         N/A       26%         3


Dungeon Overview and Level Annotations

Branches:
Dungeon (2/15)

Altars:

Annotations:
D:2 Jessica


Message History

Casting: Magic Dart (safe; 5% risk of failure)
Confirm with . or Enter, or press ? or * to list all spells.
Aiming: Magic Dart (safe; 5% risk of failure)
Press: ? - help, Shift-Dir - straight line, f - Jessica
Aim: Jessica, wielding a +0 dagger and wearing a +0 robe (100% to hit)
The magic dart hits Jessica but does no damage.
Casting: Magic Dart (safe; 5% risk of failure)
Confirm with . or Enter, or press ? or * to list all spells.
Aiming: Magic Dart (safe; 5% risk of failure)
Press: ? - help, Shift-Dir - straight line, f/p - Jessica
Aim: Jessica, wielding a +0 dagger and wearing a +0 robe (100% to hit)
The magic dart hits Jessica but does no damage.
Casting: Magic Dart (safe; 5% risk of failure)
Confirm with . or Enter, or press ? or * to list all spells.
Aiming: Magic Dart (safe; 5% risk of failure)
Press: ? - help, Shift-Dir - straight line, f/p - Jessica
Aim: Jessica, wielding a +0 dagger and wearing a +0 robe (100% to hit)
The magic dart hits Jessica.
Jessica is lightly wounded.
Casting: Magic Dart (safe; 5% risk of failure)
Confirm with . or Enter, or press ? or * to list all spells.
Aiming: Magic Dart (safe; 5% risk of failure)
Press: ? - help, Shift-Dir - straight line, f/p - Jessica
Aim: Jessica, wielding a +0 dagger and wearing a +0 robe (lightly wounded, 100% to hit)
The magic dart hits Jessica.
Jessica is heavily wounded.
Jessica is nearby!
Jessica mumbles some strange words.
Jessica seems to speed up.
Jessica casts a spell at you. Pain shoots through your body!
Jessica casts a spell at you. You resist with some effort.
Jessica casts a spell at you. Pain shoots through your body!
Ouch! That really hurt!
Jessica gestures at you while chanting. Pain shoots through your body!
Ouch! That really hurt!
You die...

#......# #..........
#......####..........
#####....................
#..........#########.....
#.###......... . .#### #†#
#......####.. # #.#
#.<....##...
##.######.###..#
#.....###@.#..#
#.....#......#
#.......##.###
#.....####@#####
#.....#..†...@.#
#.....#........#########..
#######>............)..)†.
#........#########..
#........#


You could see Jessica (fast).

Vanquished Creatures
  2 dart slugs
  5 endoplasms (D:1)
  2 giant cockroaches
  3 goblins
  A quokka (D:1)
  5 ball pythons
  5 bats
  4 kobolds
  4 rats (D:1)
31 creatures vanquished.

Notes
Turn   | Place    | Note
-------+----------+-------------------------------------------
     0 | D:1      | pokeman the Deep Elf Hedge Wizard began the quest for the
                  | Orb.
     0 | D:1      | Reached XP level 1. HP: 10/10 MP: 7/7
   369 | D:1      | Reached XP level 2. HP: 6/15 MP: 0/9
  1069 | D:1      | Reached skill level 5 in Spellcasting
  1465 | D:2      | Reached XP level 3. HP: 20/20 MP: 5/11
  1472 | D:2      | Learned a level 3 spell: Mephitic Cloud
  1475 | D:2      | Learned a level 2 spell: Call Imp
  1478 | D:2      | Learned a level 2 spell: Blink
  1659 | D:2      | Noticed Jessica
  1675 | D:2      | Killed from afar by Jessica

Illustrated notes

Levels and vault maps discovered:
D:1:      ebering_trefoil_twist, layout_loops_corners, minmay_cupped
D:2:      layout_rooms, basic_ecumenical_altar, basic_altar,
          corexii_hall_statues_x, uniq_jessica, uniq_terence

Skill      XL: |  1  2 |
---------------+-------+-----
Spellcasting   | 5 |  5.1
Fighting       | |  0.9
Armour         | |  0.8
Dodging        | |  2.4
Stealth        | |  2.4
Conjurations   | |  1.7
Summonings     | |  1.1
Translocations | |  1.1

Action                     || total
---------------------------++-------
  Melee: Dagger            ||     1
   Cast: Magic Dart        ||    91
 Armour: Robe              ||     5
  Dodge: Dodged            ||     8

Table legend: (Time is in decaauts)
 A = Elapsed time spent in this place.
 B = Non-inter-level travel time spent in this place.
 C = Inter-level travel time spent in this place.
 D = Time resting spent in this place.
 E = Time spent auto-exploring this place.
 F = Levels seen in this place.
 G = Mean time per level.
                   A        B        C        D        E       F      G
               +--------+--------+--------+--------+--------+-----+--------+
         Total |   1674 |   1670 |      4 |      0 |   1509 |   2 |  837.0 |
       Dungeon |   1674 |   1670 |      4 |      0 |   1509 |   2 |  837.0 |
               +--------+--------+--------+--------+--------+-----+--------+

Top non-repeatable levels by time:
     D:1: 1459 daAuts
     D:2: 215 daAuts
